 Dungeon Crawl Stone Soup version 0.24-a0-312-g16217b4 (webtiles) character file.

Game seed: 5088691939690457858

189 MisterFreud the Changer (level 5, -1/33 HPs)
             Began as an Octopode Transmuter on May 15, 2019.
             Slain by a gnoll
             ... wielding a +0 flail
              (13 damage)
             ... on level 2 of the Dungeon.
             The game lasted 00:06:17 (3553 turns).

MisterFreud the Changer (Octopode Transmuter)       Turns: 3553, Time: 00:06:18

Health: -1/33      AC:  2    Str:  9    XL:     5   Next: 68%
Magic:  7/10       EV: 20    Int: 16    God:
Gold:   170        SH:  0    Dex: 18    Spells: 4/10 levels left

rFire    . . .     SeeInvis +     - Unarmed
rCold    . . .     Gourm    .   (shield currently unavailable)
rNeg     . . .     Faith    .   (helmet currently unavailable)
rPois    .         Spirit   .   (no amulet)
rElec    .         Reflect  .   m - ring of poison resistance
rCorr    +         Harm     .   o - ring of resist corrosion
MR       .....                  y - ring of see invisible
Stlth    ++........             (no ring)
HPRegen  0.11/turn              (no ring)
MPRegen  0.12/turn              (no ring)
                                (no ring)
                                (no ring)

@: spider-form
A: tiny, almost no armour, stealthy swim, (amphibious), 8 rings, (constrict 8)
a: End Transformation


You were on level 2 of the Dungeon.
You were near starving.
You were a venomous arachnid creature.
You visited 1 branch of the dungeon, and saw 3 of its levels.

You collected 170 gold pieces.

Inventory:

Missiles
 a - 42 arrows
 e - 21 sling bullets
 f - 107 stones (quivered)
 j - 26 bolts
 s - 8 javelins
Armour
 q - a +1 buckler (melded)
Jewellery
 g - an uncursed ring of ice
 m - a ring of poison resistance (left front leg)
 o - a ring of resist corrosion (right front leg)
 y - a ring of see invisible (on tentacle)
Scrolls
 b - a scroll of immolation {unknown}
 d - a scroll of magic mapping {unknown}
 h - a scroll of enchant weapon
 i - a scroll of remove curse
 n - a scroll of enchant armour
 u - 2 scrolls of teleportation
 v - a scroll of amnesia {unknown}
 x - a scroll of fog {unknown}
Potions
 k - a potion of magic
 l - a potion of cancellation
 r - 2 potions of resistance
 t - a potion of agility {unknown}
 w - a potion of curing {unknown}
Comestibles
 c - 8 rations


   Skills:
 - Level 1.0 Fighting
 - Level 2.0 Dodging
 - Level 3.0 Unarmed Combat
 + Level 3.3 Spellcasting
 * Level 4.8 Transmutations


You had 4 spell levels left.
You knew the following spells:

 Your Spells              Type           Power        Failure   Level  Hunger
a - Beastly Appendage     Tmut           ###...       10%         1    None
b - Sticks to Snakes      Tmut           ###.....     12%         2    ##.....
c - Spider Form           Tmut/Pois      ##........   41%         3    ###....

Your spell library contained the following spells:

 Spells                   Type           Power        Failure   Level  Hunger
 Ice Form                 Ice/Tmut       ##......     75%         4    ####...
 Blade Hands              Tmut           ###.......   77%         5    ######.


Dungeon Overview and Level Annotations

Branches:
Dungeon (3/15)

Altars:
Uskayaw


Innate Abilities, Weirdness & Mutations

You cannot wear most types of armour.
You are very stealthy in the water. (Stealth+)
((You are amphibious.))
You can wear up to eight rings at the same time.
((You can use your tentacles to constrict eight enemies at once.))
((Your skin changes colour to match your surroundings (Stealth+).))
((Your rubbery body absorbs attacks. (AC +1, EV +1)))


Message History

The gnoll closely misses you.
The gnoll shouts!
The gnoll hits you from afar with a +0 halberd!!
Ouch! That really hurt!
There is a stone staircase leading up, spattered with blood here.
Casting: Spider Form (safe; 32% risk of failure)
Confirm with . or Enter, or press ? or * to list all spells.
Okay, then.
The gnoll barely misses you.
The gnoll hits you from afar with a +0 halberd.
The gnoll barely misses you.
You climb upwards.
There is a stone staircase leading down here.
Casting: Spider Form (safe; 32% risk of failure)
Confirm with . or Enter, or press ? or * to list all spells.
You turn into a venomous arachnid creature.
Your +1 buckler melds into your body.
The gnoll misses you.
You closely miss the gnoll. You barely miss the gnoll.
The gnoll hits you with a +0 flail!
You die...

#......# #.# #.#
##......# #.##### #.#
...###.### #.....# #.#
...# #...# #####># #.#
...#####.#####...# #.#
...##..........#####.#
...##..........+.....#
...##..........#..####
................sg#
...##....####.#.#.#
#####.#### #.#[#.# .#
#.# #.#.#.## .## #.#
#.#....# ..###.#
#.#.#<##
#.....#######.###.#
#.............#...#
#.....#########.###


You could see a gnoll.

Vanquished Creatures
  An orc wizard (D:3)
  Robin (D:2)
  A gnoll (D:3)
  5 adders
  2 worms (D:3)
  A dart slug (D:1)
  A leopard gecko (D:3)
  4 orcs
  9 bats
  3 giant cockroaches
  12 goblins
  11 hobgoblins
  7 jackals (D:1)
  7 frilled lizards
  9 kobolds
  7 rats
81 creatures vanquished.

Notes
Turn   | Place    | Note
-------+----------+-------------------------------------------
     0 | D:1      | MisterFreud the Octopode Transmuter began the quest for the
                  | Orb.
     0 | D:1      | Reached XP level 1. HP: 13/13 MP: 3/3
    44 | D:1      | Reached XP level 2. HP: 6/18 MP: 3/5
   386 | D:1      | Reached skill level 3 in Transmutations
   389 | D:1      | Reached XP level 3. HP: 16/23 MP: 6/6
  1320 | D:2      | Found a faded altar of an unknown god.
  1496 | D:2      | Identified the cursed -4 helmet of Jerotevae {*Corrode rF+
                  | Regen+ Str+6}
  1496 | D:2      | Noticed Robin
  1719 | D:2      | Killed Robin
  1719 | D:2      | Reached XP level 4. HP: 22/28 MP: 5/8
  2082 | D:2      | Learned a level 2 spell: Sticks to Snakes
  2086 | D:2      | Learned a level 3 spell: Spider Form
  2094 | D:2      | Reached skill level 4 in Transmutations
  2546 | D:3      | Found a hide-covered altar of Uskayaw.
  2656 | D:3      | Reached XP level 5. HP: 29/33 MP: 7/9
  3553 | D:2      | Slain by a gnoll

Levels and vault maps discovered:
D:1:      dpeg_arrival_solitude, layout_basic
D:2:      layout_basic, first_ration, chequers_ecumenical_altar_simple_redux,
          uniq_robin
D:3:      layout_basic, lemuel_crystal_altar

Skill      XL: |  1  2  3  4 |
---------------+-------------+-----
Transmutations | 3 4 |  4.8
Spellcasting   | 3 |  3.3
Fighting       | |  1.0
Dodging        | |  2.0
Unarmed Combat | |  3.0

Action                   |  1- 3 |  4- 6 || total
-------------------------+-------+-------++-------
Melee: Unarmed           |    97 |   104 ||   201
       Constrict         |    31 |    20 ||    51
       Kick              |     9 |     7 ||    16
       Tentacles         |    18 |    14 ||    32
       Punch             |     2 |     1 ||     3
 Cast: Beastly Appendage |     8 |     3 ||    11
       Spider Form       |       |     4 ||     4
  Use: Scroll            |     1 |     8 ||     9
       Potion            |       |     1 ||     1
 Stab: Sleeping          |     2 |     2 ||     4
  Eat: Chunk             |     3 |     4 ||     7
Armor: Skin              |     6 |    16 ||    22
Dodge: Dodged            |    77 |    96 ||   173
Block: Buckler           |     1 |    11 ||    12

Table legend:
 A = Non-vault XP
 B = Vault XP
 C = Vault XP percentage of total XP
 D = Non-vault monster count
 E = Vault monster count
 F = Vault count percentage of total count
                 A         B        C        D         E       F
            +---------+---------+-------+---------+---------+-------
      Total |     233 |      38 |  14.0 |      69 |      12 |  14.8
            +---------+---------+-------+---------+---------+-------
        D:1 |      61 |       0 |   0.0 |      36 |       0 |   0.0
        D:2 |      40 |      38 |  48.7 |      10 |      12 |  54.5
        D:3 |     132 |       0 |   0.0 |      23 |       0 |   0.0
            +---------+---------+-------+---------+---------+-------
